 Dungeon Crawl Stone Soup version 0.30.1 (webtiles) character file.

Game seed: 16873524757325322748

1866 shmup the Firebug (level 9, -12/49 HPs)
             Began as a Tengu Fire Elementalist on July 14, 2023.
             Was an Initiate of Sif Muna.
             Killed by an exploding water moccasin (37 damage)
             ... ignited by their inner flame
             ... on level 7 of the Dungeon.
             The game lasted 00:27:06 (7720 turns).

shmup the Firebug (Tengu Fire Elementalist)         Turns: 7720, Time: 00:27:07

Health: -12/49     AC:  5    Str:  8    XL:     9   Next: 13%
Magic:  22/25      EV: 17    Int: 20    God:    Sif Muna [......]
Gold:   268        SH:  0    Dex: 15    Spells: 4/16 levels left

rFire   . . .        M - +1 scimitar (freeze)
rCold   + . .        (no shield)
rNeg    . . .        a - +0 robe
rPois   .            (helmet restricted)
rElec   .            y - +0 cloak
rCorr   .            m - +1 pair of gloves
SInv    .            (boots unavailable)
Will    .....        p - amulet of regeneration
Stlth   +++          q - ring of protection from cold
HPRegen 1.08/turn    G - ring of magical power
MPRegen 0.19/turn

%: no passive effects
@: lethally poisoned (-12 -> -21), flying quickly and evasively, quick
A: beak, talons 3, nimble flight
a: Renounce Religion


You were on level 7 of the Dungeon.
You worshipped Sif Muna.
Sif Muna was noncommittal.
You visited 2 branches of the dungeon, and saw 8 of its levels.
You also visited: Sewer.

You collected 268 gold pieces.

Inventory:

Hand Weapons
 e - a +0 dagger
 k - a +2 dagger of electrocution
 E - a +0 dagger of draining
 M - a +1 scimitar of freezing (weapon)
Missiles
 d - 4 poisoned darts (quivered)
 f - 19 stones
 o - 2 throwing nets
 A - 4 javelins
 N - 2 boomerangs
Armour
 a - a +0 robe (worn)
 m - a +1 pair of gloves (worn)
 y - a +0 cloak (worn)
Jewellery
 p - an amulet of regeneration (around neck)
 q - a ring of protection from cold (left hand)
 G - a ring of magical power (right hand)
Scrolls
 g - a scroll of silence {unknown}
 h - a scroll of amnesia {unknown}
 n - 4 scrolls of teleportation
 r - 2 scrolls of fear {unknown}
 s - 2 scrolls of enchant armour
 v - 2 scrolls of poison
 x - a scroll of fog {unknown}
 z - a scroll of noise {unknown}
 B - a scroll of brand weapon {unknown}
 C - a scroll of butterflies
 D - a scroll of vulnerability
 H - a scroll of enchant weapon {unknown}
 I - a scroll of acquirement {unknown}
 J - 2 scrolls of blinking {unknown}
 K - a scroll of immolation
 O - a scroll of magic mapping {unknown}
Potions
 b - a potion of magic
 c - 4 potions of degeneration
 i - 4 potions of brilliance
 j - 4 potions of curing
 l - 3 potions of lignification
 t - 5 potions of heal wounds
 u - a potion of mutation
 w - a potion of might {unknown}
 F - 2 potions of ambrosia
 L - a potion of flight {unknown}


   Skills:
 + Level 2.9 Fighting
 + Level 5.3 Dodging
 + Level 5.0 Stealth
 + Level 4.3 Spellcasting
 + Level 5.6 Conjurations
 + Level 2.0 Hexes
 + Level 0.0 Translocations
 * Level 7.5 Fire Magic


You had 4 spell levels left.
You knew the following spells:

 Your Spells              Type           Power      Damage    Failure   Level
a - Foxfire               Conj/Fire      100%       2x1d9     1%          1
b - Scorch                Fire           68%        2d8       1%          2
c - Inner Flame           Hex/Fire       23%        N/A       5%          3
d - Volatile Blastmotes   Fire/Tloc      38%        2d13      8%          3
e - Dazzling Flash        Conj/Hex       38%        N/A       8%          3

Your spell library contained the following spells:

 Spells                   Type           Power      Damage    Failure   Level
 Flame Wave               Conj/Fire      30%        2d9       9%          4
 Ensorcelled Hibernation  Hex/Ice        16%        N/A       12%         2
 Spider Form              Tmut/Pois      4%         N/A       36%         3
 Anguish                  Hex/Necr       4%         N/A       63%         4
 Silence                  Hex/Air        4%         N/A       92%         5
 Agony                    Necr           4%         N/A       98%         5


Dungeon Overview and Level Annotations

Branches:
Dungeon (7/15)             Temple (1/1) D:6           Sewer (visited)

Altars:
Cheibriados
Dithmenos
Fedhas
Gozag
Hepliaklqana
Kikubaaqudgha
Makhleb
Okawaru
Ru
Sif Muna
Trog
Uskayaw
Vehumet
Wu Jian
Xom
Yredelemnul
Zin
The Shining One

Shops:
D:6 *

Annotations:
D:3 3 runed translucent doors, turdburglar's ghost, amateur GnHu


Innate Abilities, Weirdness & Mutations

You have a beak for a mouth.
You have claws for feet.
Your magical nature lets you fly swiftly and evasively.


Message History

Confirm with . or Enter, or press ? or * to list all spells.
You conjure some foxfire!
The foxfire hits the water moccasin!
Flame seeps out of the water moccasin.
The water moccasin is heavily wounded.
The foxfire hits the water moccasin.
Flame seeps out of the water moccasin.
The water moccasin is heavily wounded.
The water moccasin is engulfed in blazing flames.
Flame seeps out of the water moccasin.
The water moccasin closely misses you.
There is an open door here.
The water moccasin bites you!
The water moccasin attacks as you move away!
The water moccasin bites you.
The water moccasin completely misses you.
There is an open door here.
You closely miss the water moccasin. Your kick misses the water moccasin.
The water moccasin is severely wounded.
The water moccasin closely misses you. The water moccasin bites you.
You closely miss the water moccasin. Your kick misses the water moccasin.
You peck the water moccasin, but do no damage.
The water moccasin is severely wounded.
The water moccasin bites you.
You are poisoned.
The water moccasin poisons you! The water moccasin bites you.
You are more poisoned.
The water moccasin poisons you!
Casting: Foxfire (safe; 1% risk of failure)
Confirm with . or Enter, or press ? or * to list all spells.
You conjure some foxfire!
You feel extremely sick.
The water moccasin bites you but does no damage.
You feel very sick.
The foxfire hits the water moccasin.
Flame seeps out of the water moccasin.
The water moccasin is almost dead.
The water moccasin is engulfed in blazing flames.
Sif Muna accepts your kill.
The water moccasin explodes!
The fiery explosion engulfs you!!!
Ouch! That really hurt!
You die...

▒..$........ ▒..▒
▒........... ▒..▒
▒▒▒▒'▒▒▒▒▒▒▒▒▒▒▒▒..▒
▒....▒ <..........▒
▒....▒ ...........▒
▒....▒ ............
▒###.▒ ............
▒.☼.▒▒ ▒▒▒▒....▒▒▒▒
▒▒Q▒▒▒▒▒.▒▒....▒▒.▒
▒.v....▒.......▒...
▒......+.......▒...
▒......▒.......▒...
▒....▒▒▒....▒▒.▒▒..
▒....▒▒▒....▒▒.▒▒▒'
▒..................
▒..................
▒..................


There were no monsters in sight!

Vanquished Creatures
  A water moccasin (D:7)
  An orc warrior (D:7)
  An ice beast (D:6)
  A black bear (D:5)
  An ogre (D:7)
  A centaur (D:5)
  2 bullfrogs (D:7)
  2 scorpions
  4 wights
  A howler monkey (D:4)
  5 orc priests
  3 hounds
  A jelly (D:7)
  2 sleepcaps
  2 iguanas
  8 orc wizards
  8 gnolls
  13 adders
  2 river rats (Sewer)
  A shadow imp (D:5)
  3 worms
  A dart slug (D:4)
  20 orcs
  13 ball pythons
  13 bats
  6 endoplasms
  5 giant cockroaches
  7 goblins
  7 hobgoblins
  9 jackals
  8 kobolds
  5 quokkas
  7 frilled lizards
  9 rats
173 creatures vanquished.

Vanquished Creatures (others)
  413 foxfires
413 creatures vanquished.

Grand Total: 586 creatures vanquished

Notes
Turn   | Place    | Note
-------+----------+-------------------------------------------
     0 | D:1      | shmup the Tengu Fire Elementalist began the quest for the
                  | Orb.
     0 | D:1      | Reached XP level 1. HP: 10/10 MP: 4/4
   239 | D:1      | Reached XP level 2. HP: 15/15 MP: 4/6
   495 | D:1      | Reached XP level 3. HP: 19/19 MP: 1/7
  1408 | D:2      | Found a faded altar of an unknown god.
  1415 | D:2      | Reached XP level 4. HP: 24/24 MP: 6/8
  1453 | D:2      | Reached skill level 4 in Fire Magic
  2040 | D:3      | Found a runed translucent gate.
  2041 | D:3      | Found a runed translucent gate.
  2042 | D:3      | Found a runed translucent gate.
  2042 | D:3      | Noticed turdburglar's ghost (amateur GnHu)
  2042 | D:3      | Noticed a bullfrog
  2109 | D:3      | Learned a level 2 spell: Scorch
  2129 | D:3      | Gained mutation: Your magical nature lets you fly swiftly
                  | and evasively. [Tengu growth]
  2129 | D:3      | Reached XP level 5. HP: 28/28 MP: 7/9
  2886 | D:4      | Reached XP level 6. HP: 32/32 MP: 7/11
  2919 | D:4      | Found a snail-covered altar of Cheibriados.
  3101 | D:4      | Reached skill level 5 in Fire Magic
  3353 | D:4      | Found a shadowy altar of Dithmenos.
  3359 | D:4      | Found a hide-covered altar of Uskayaw.
  3364 | D:4      | Found a shimmering altar of Xom.
  3464 | D:4      | Found a burning altar of Makhleb.
  3530 | D:5      | Entered Level 5 of the Dungeon
  3793 | D:5      | Noticed a black bear
  3805 | D:5      | Killed a black bear
  3806 | D:5      | Reached XP level 7. HP: 37/37 MP: 5/12
  4000 | D:5      | Learned a level 3 spell: Inner Flame
  4175 | D:5      | Reached skill level 1 in Fighting
  4701 | D:6      | Reached skill level 6 in Fire Magic
  4806 | D:6      | Found Hiemekom's Fire Supplies.
  4918 | D:6      | Found a glowing drain.
  5049 | D:6      | Reached XP level 8. HP: 43/43 MP: 14/14
  5129 | Sewer    | Entered a sewer
  5140 | Sewer    | Reached skill level 1 in Hexes
  5630 | D:6      | Found a staircase to the Ecumenical Temple.
  5652 | Temple   | Entered the Ecumenical Temple
  6622 | D:6      | Reached skill level 5 in Conjurations
  6912 | D:7      | Reached skill level 5 in Dodging
  6912 | D:7      | Reached skill level 7 in Fire Magic
  7248 | D:7      | Found a shimmering blue altar of Sif Muna.
  7251 | D:7      | Reached XP level 9. HP: 49/49 MP: 16/16
  7254 | D:7      | Became a worshipper of Sif Muna the Loreminder
  7281 | D:7      | Found an ancient bone altar of Kikubaaqudgha.
  7317 | D:7      | Found a radiant altar of Vehumet.
  7374 | D:7      | Reached skill level 5 in Stealth
  7535 | D:7      | Found a bloodstained altar of Trog.
  7571 | D:7      | Learned a level 3 spell: Volatile Blastmotes
  7575 | D:7      | Learned a level 3 spell: Dazzling Flash
  7720 | D:7      | Killed by an exploding water moccasin... ignited by their
                  | inner flame

Illustrated notes

Levels and vault maps discovered:
D:1:      amcnicky_arrival_abandoned_market, layout_basic,
          corexii_leaking_fountain
D:2:      layout_rooms, shapermc_ecumenical_altar_petra, serial_forest,
          infiniplex_forest_lined_room_, infiniplex_forest_lined_corner,
          infiniplex_forest_clump_large, infiniplex_forest_lined_ring,
          infiniplex_forest_end_3
D:3:      layout_rooms, gammafunk_ghost_split, kennysheep_cross_room
D:4:      minmay_chambers_of_fours, layout_rooms, kennysheep_slug_shrine,
          minmay_overflow_temple_star_quad, marbit_many_paths
D:5:      layout_basic
D:6:      layout_loops_corners, minmay_temple_entry_metal_lava,
          cheibrodos_sewer_entry_sluice, roderic_filled_cross,
          nicolae_shop_fire_sale [nicolae_sub_dead_trees]
D:7:      layout_gridville, palyth_temple_overflow_mages, kennysheep_little_box,
          serial_shops, nicolae_shop_hallway_plus, hex_large, minivault_25
Temple:   chequers_temple_sunken

Skill      XL: |  1  2  3  4  5  6  7  8  9 |
---------------+----------------------------+-----
Conjurations   | 2 3 4 5 |  5.6
Fire Magic     | 4 5 6 7 |  7.5
Dodging        | 3 4 5 |  5.3
Stealth        | 3 4 5 |  5.0
Spellcasting   | 3 4 |  4.3
Fighting       | 1 2 |  2.9
Hexes          | 2 |  2.0

Action                     |  1- 3 |  4- 6 |  7- 9 || total
---------------------------+-------+-------+-------++-------
  Melee: Unarmed           |     6 |       |       ||     6
         Peck              |     3 |     5 |     2 ||    10
         Dagger            |     8 |    47 |    10 ||    65
         Kick              |     2 |     6 |     2 ||    10
         Punch             |       |     1 |       ||     1
         Scimitar          |       |       |     5 ||     5
  Throw: Dart              |       |     3 |       ||     3
   Cast: Foxfire           |    53 |    77 |   112 ||   242
         Scorch            |       |    16 |    52 ||    68
         Inner Flame       |       |       |     6 ||     6
    Use: Scroll            |       |       |    13 ||    13
   Stab: Sleeping          |       |     2 |     1 ||     3
 Armour: Robe              |    12 |     8 |     7 ||    27
  Dodge: Dodged            |    27 |    38 |    30 ||    95
